 Dungeon Crawl Stone Soup version 0.30-a0-364-gf6b3ef1049 (webtiles) character file.

Game seed: 15152887890698573709

37 retardedninja the Trooper (level 3, -5/33 HPs)
             Began as a Hill Orc Fighter on Nov 15, 2022.
             Slain by a gnoll
             ... wielding a +0 halberd
              (9 damage)
             ... on level 2 of the Dungeon.
             The game lasted 00:01:23 (623 turns).

retardedninja the Trooper (Hill Orc Fighter)         Turns: 623, Time: 00:01:24

Health: -5/33      AC:  7    Str: 20    XL:     3   Next: 41%
Magic:  3/3        EV:  9    Int:  8    God:
Gold:   54         SH:  4    Dex: 10    Spells: 2/2 levels left

rFire   . . .      SeeInvis .    a - +0 war axe
rCold   . . .      Faith    .    c - +0 buckler
rNeg    . . .      Spirit   .    b - +0 scale mail
rPois   .          Reflect  .    (no helmet)
rElec   .          Harm     .    (no cloak)
rCorr   .          Rampage  .    (no gloves)
Will    .....                    (no boots)
Stlth   ..........               (no amulet)
HPRegen 0.25/turn                (no ring)
MPRegen 0.08/turn                (no ring)

@: hasted, very quick
A: no striking features
a: no special abilities


You were on level 2 of the Dungeon.
You visited 1 branch of the dungeon, and saw 2 of its levels.

You collected 54 gold pieces.

Inventory:

Hand Weapons
 a - a +0 war axe (weapon)
Armour
 b - a +0 scale mail (worn)
 c - a +0 buckler (worn)
Scrolls
 e - a scroll of enchant armour {unknown}
 f - 2 scrolls of identify {unknown}
 j - a scroll of enchant weapon {unknown}
Potions
 d - a potion of might
 g - a potion of haste
 h - a potion of resistance {unknown}
 i - a potion of heal wounds {unknown}


   Skills:
 + Level 4.1 Fighting
 + Level 3.3 Axes
 + Level 3.7 Armour
 + Level 3.7 Shields


You had 2 spell levels left.
You didn't know any spells.
Your spell library contained the following spells:

 Spells                   Type           Power      Damage    Failure   Level
 Apportation              Tloc           0%         N/A       85%         1
 Necrotise                Necr           0%         1d4       85%         1
 Summon Small Mammal      Summ           0%         N/A       85%         1


Dungeon Overview and Level Annotations

Branches:
Dungeon (2/15)

Altars:
Xom

Shops:
D:1 =


Message History

No target in view!
No target in view!
No target in view!
No target in view!
No target in view!
No target in view!
No target in view!
No target in view!
Found a scale mail.
A gnoll comes into view. It is wielding a +0 club.
The gnoll shouts!
A gnoll comes into view. It is wielding a +0 halberd.
The gnoll throws a throwing net.
The throwing net hits you.
You become entangled in the net!
You see here a throwing net.
You struggle against the net.
The gnoll shouts!
You hear a shout!
A gnoll comes into view. It is wielding a +0 halberd.
You struggle against the net.
You struggle against the net.
You struggle against the net.
You rip the net and break free!
The gnoll hits you from afar with a +0 halberd.
The gnoll throws a throwing net.
The throwing net barely misses you.
You see here a throwing net.
You block the gnoll's attack.
You hit the gnoll.
The gnoll is heavily wounded.
The gnoll barely misses you.
You hit the gnoll.
You kill the gnoll!
The gnoll hits you from afar with a +0 halberd! x2
* * * LOW HITPOINT WARNING * * *
The gnoll hits you from afar with a +0 halberd.
* * * LOW HITPOINT WARNING * * *
The gnoll hits you from afar with a +0 halberd.
* * * LOW HITPOINT WARNING * * *
It was a potion of haste.
You feel yourself speed up.
The gnoll hits you from afar with a +0 halberd!
You die...

.#####.....## #.#..#
.....#....... ..#..# .
####.#.....#### ##....##..
#....[.....##.. .........
#.##.#.....##.# #....#
#.#.......###.# #....#
#.....).#.# #.# #....#
###<....#.###.####g...###.
......(...#.....@)g.......
...[......#.#.###########.
####.####.# #........# #..
#.#^########.# ##.
#.#..........#
..)..#.######....##
.........†.........#
.....#.......#.....# ....
#....##.#.....#


You could see 2 gnolls.

Vanquished Creatures
  A gnoll (D:2)
  A dart slug (D:2)
  5 ball pythons
  A bat (D:1)
  2 endoplasms (D:2)
  A giant cockroach (D:1)
  A hobgoblin (D:1)
  A quokka (D:2)
  8 frilled lizards (D:1)
  A goblin (D:1)
  4 kobolds
  3 rats (D:1)
29 creatures vanquished.

Vanquished Creatures (others)
  2 plants (D:1)
2 creatures vanquished.

Grand Total: 31 creatures vanquished

Notes
Turn   | Place    | Note
-------+----------+-------------------------------------------
     0 | D:1      | retardedninja the Hill Orc Fighter began the quest for the
                  | Orb.
     0 | D:1      | Reached XP level 1. HP: 19/19 MP: 1/1
   159 | D:1      | Reached XP level 2. HP: 27/27 MP: 2/2
   248 | D:1      | Reached skill level 4 in Fighting
   362 | D:1      | Found Zyw Kup's Jewellery Shoppe.
   466 | D:2      | Found a shimmering altar of Xom.
   527 | D:2      | Reached XP level 3. HP: 30/33 MP: 3/3
   623 | D:2      | Slain by a gnoll

Illustrated notes

Levels and vault maps discovered:
D:1:      saegor_arrival_simple_e, layout_rooms, serial_shops, shop,
          minmay_misc_feat_secret_circle, minmay_lizard_king
D:2:      layout_basic, basic_altar, basic_ecumenical_altar, minmay_rat_hole

Skill      XL: |  1  2 |
---------------+-------+-----
Axes           | 3 |  3.3
Fighting       | 4 |  4.1
Armour         | |  3.7
Shields        | |  3.7

Action                   || total
-------------------------++-------
Melee: War axe           ||    48
  Use: Potion            ||     1
Armor: Scale mail        ||    19
Dodge: Dodged            ||    29
Block: Buckler           ||    10

Table legend: (Time is in decaauts)
 A = Elapsed time spent in this place.
 B = Non-inter-level travel time spent in this place.
 C = Inter-level travel time spent in this place.
 D = Time resting spent in this place.
 E = Time spent auto-exploring this place.
 F = Levels seen in this place.
 G = Mean time per level.
                   A        B        C        D        E       F      G
               +--------+--------+--------+--------+--------+-----+--------+
         Total |    641 |    640 |      1 |      0 |    489 |   2 |  320.5 |
       Dungeon |    641 |    640 |      1 |      0 |    489 |   2 |  320.5 |
               +--------+--------+--------+--------+--------+-----+--------+

Top non-repeatable levels by time:
     D:1: 480 daAuts
     D:2: 161 daAuts
